 Dungeon Crawl Stone Soup version 0.28.0 (webtiles) character file.

Game seed: 8506886473685084118

3650 Sanktem7 the Protected (level 9, -5/79 HPs)
             Began as a Minotaur Fighter on Feb 9, 2022.
             Was a Follower of Makhleb.
             Slain by Erica (7 damage)
             ... on level 8 of the Dungeon.
             The game lasted 00:20:01 (10077 turns).

Sanktem7 the Protected (Minotaur Fighter)          Turns: 10077, Time: 00:20:02

Health: -5/79      AC: 15    Str: 26    XL:     9   Next: 88%
Magic:  0/8        EV:  7    Int:  5    God:    Makhleb [*.....]
Gold:   261        SH:  0    Dex:  9    Spells: 8/8 levels left

rFire   . . .      SeeInvis .   a - +2 long sword (vorpal)
rCold   . . .      Faith    .   c - +0 buckler
rNeg    . . .      Spirit   +   u - +1 plate armour
rPois   .          Reflect  .   (helmet restricted)
rElec   .          Harm     .   (no cloak)
rCorr   .          Rampage  .   (no gloves)
Will    .....                   (no boots)
Stlth   ..........              m - amulet of guardian spirit
HPRegen 0.23/turn               (no ring)
MPRegen 0.11/turn               (no ring)

@: confused, slowed, very slow
A: horns 2, retaliatory headbutt
a: Renounce Religion


You were on level 8 of the Dungeon.
You worshipped Makhleb.
Makhleb was aware of your devotion.
You visited 2 branches of the dungeon, and saw 9 of its levels.
You also visited: Ossuary.

You collected 261 gold pieces.

Inventory:

Hand Weapons
 a - a +2 vorpal long sword (weapon)
 y - a +2 short sword of freezing
Missiles
 i - 6 boomerangs (quivered)
 j - a throwing net
Armour
 c - a +0 buckler (worn)
 u - a +1 plate armour (worn)
Jewellery
 m - an amulet of guardian spirit (around neck)
Wands
 q - a wand of mindburst (10)
 s - a wand of paralysis (4)
 w - a wand of iceblast (8)
 x - a wand of charming (8)
Scrolls
 b - a scroll of vulnerability
 g - 2 scrolls of amnesia
 h - a scroll of magic mapping
 n - 2 scrolls of immolation
Potions
 f - 2 potions of haste
 k - a potion of attraction {unknown}
 l - a potion of curing
 p - a potion of ambrosia {unknown}
 r - 4 potions of degeneration {unknown}
 t - a potion of cancellation {unknown}
 v - 2 potions of invisibility {unknown}
 z - a potion of flight {unknown}
 A - a potion of mutation {unknown}


   Skills:
 * Level 7.2 Fighting
 + Level 1.6(6.1) Short Blades
 * Level 10.2(10.3) Long Blades
 * Level 4.2 Throwing
 * Level 10.2 Armour
 + Level 2.1 Dodging
 - Level 0.7 Stealth
 + Level 5.4 Shields


You had 8 spell levels left.
You didn't know any spells.
Your spell library contained the following spells:

 Spells                   Type           Power      Damage    Failure   Level
 Scorch                   Fire           0%         2d5       100%        2
 Dazzling Flash           Conj/Hex       0%         N/A       100%        3
 Flame Wave               Conj/Fire      0%         2d4       100%        4
 Agony                    Necr           0%         N/A       100%        5
 Silence                  Hex/Air        0%         N/A       100%        5
 Summon Cactus Giant      Summ           0%         N/A       100%        6


Dungeon Overview and Level Annotations

Branches:
Dungeon (8/15)             Temple (1/1) D:6         Ossuary (visited)
   Lair: D:8-11

Altars:
Ashenzari
Elyvilon
Fedhas
Hepliaklqana
Kikubaaqudgha
Makhleb
Nemelex Xobeh
Qazlal
Ru
Sif Muna
Xom
Zin
The Shining One

Annotations:
D:7 3 runed translucent doors, hikkokomori's ghost, novice FoFi
D:8 Erica


Innate Abilities, Weirdness & Mutations

You have a pair of horns on your head.
You reflexively headbutt those who attack you in melee.


Message History

You miss something. Your headbutt misses something.
You hear some strange, mumbled words.
A lance of force appears from out of thin air!
The lance of force hits you!!
You are knocked back by the lance of force.
You hear some strange, mumbled words.
A lance of force appears from out of thin air!
The lance of force hits you!!
* * * LOW HITPOINT WARNING * * *
You are knocked back by the lance of force.
You hit something. Your headbutt misses something.
You hear some strange, mumbled words.
You are confused.
You're too confused to move!
Something hits you!
* * * LOW HITPOINT WARNING * * *
Something burns you.
* * * LOW HITPOINT WARNING * * *
You hit something. Your headbutt misses something.
You hear some strange, mumbled words.
You are more confused.
You feel much better. Something hits you!
* * * LOW HITPOINT WARNING * * *
Something burns you.
* * * LOW HITPOINT WARNING * * *
Unknown command.
You bump into the rock wall.
Something completely misses you.
You miss something. Something hits you but does no damage.
You're too confused to move!
Something hits you!
* * * LOW HITPOINT WARNING * * *
Something burns you.
* * * LOW HITPOINT WARNING * * *
You bump into the rock wall.
Something hits you.
* * * LOW HITPOINT WARNING * * *
Something burns you.
* * * LOW HITPOINT WARNING * * *
You bump into the rock wall.
You hear some strange, mumbled words.
You feel yourself slow down.
You barely miss something. Your headbutt misses something. Something hits you!
You die...

# #.# #.# #.#
#.# ### #.# #.#
#.. #.# #.# #.#
######.# #####.#
#.# #......#
#...... #.#
#.####.# #.#....
#######.####.#
#.# #......
#.........@..#
#.####.####
..$.......####.#
#...<..#
##...###### #.#
#..###.# ....
#.# #.)#...# ##.
#.# #..#.#.# #
#.# ##.....# ...
#.#.### #.#
#.#.# #.#.#


There were no monsters in sight!

Vanquished Creatures
  Pikel (D:6)
  A troll (D:7)
  A wraith (D:5)
  A water moccasin (D:6)
  Duvessa (D:5)
  3 orc warriors
  3 black bears
  2 necrophages (D:4)
  A centaur (D:7)
  2 ogres
  A phantom (D:5)
  2 elf zombies (Ossuary)
  3 scorpions
  2 bullfrogs
  A water moccasin zombie (D:5)
  A water moccasin skeleton (D:4)
  Dowan (D:5)
  2 howler monkeys (D:6)
  2 centaur zombies
  2 hounds (D:5)
  Crazy Yiuf (D:5)
  3 human zombies (Ossuary)
  4 orc priests
  A centaur skeleton (D:6)
  2 orc wizards
  Ijyb (D:5)
  A scorpion zombie (D:5)
  An iguana (D:5)
  A killer bee zombie (D:7)
  2 mummies (Ossuary)
  2 howler monkey skeletons (D:7)
  8 adders
  19 gnolls
  An ufetubus (D:6)
  2 worms
  3 dart slugs
  30 orcs
  3 endoplasms
  3 giant cockroaches
  4 hobgoblins
  3 quokkas
  5 ball pythons
  6 bats (D:1)
  3 frilled lizards
  4 goblins
  7 hobgoblin zombies (Ossuary)
  2 jackal zombies (Ossuary)
  6 kobolds
  12 kobold zombies (Ossuary)
  9 orc zombies (Ossuary)
  8 rats
  A rat zombie (Ossuary)
191 creatures vanquished.

Notes
Turn   | Place    | Note
-------+----------+-------------------------------------------
     0 | D:1      | Sanktem7 the Minotaur Fighter began the quest for the Orb.
     0 | D:1      | Reached XP level 1. HP: 19/19 MP: 0/0
    98 | D:1      | Found a faded altar of an unknown god.
   116 | D:1      | Reached XP level 2. HP: 20/27 MP: 1/1
   886 | D:2      | Reached XP level 3. HP: 19/33 MP: 2/2
  1761 | D:2      | Reached XP level 4. HP: 33/40 MP: 3/3
  2121 | D:3      | Found a white marble altar of Elyvilon.
  2380 | D:3      | Reached skill level 1 in Throwing
  2631 | D:3      | Found a hazy altar of Hepliaklqana.
  2863 | D:3      | Found a shimmering altar of Xom.
  3218 | D:4      | Reached skill level 5 in Armour
  3218 | D:4      | Reached XP level 5. HP: 21/46 MP: 4/4
  3284 | D:4      | HP: 2/46 [gnoll (5)]
  3872 | D:4      | Noticed a necrophage
  3875 | D:4      | Killed a necrophage
  3876 | D:4      | Reached XP level 6. HP: 52/52 MP: 5/5
  3889 | D:4      | Reached skill level 5 in Long Blades
  3978 | D:4      | Reached XP level 7. HP: 49/60 MP: 6/6
  4414 | D:5      | Entered Level 5 of the Dungeon
  4795 | D:5      | Found a runed translucent door.
  4796 | D:5      | Noticed Crazy Yiuf
  4940 | D:5      | Found a sand-covered staircase.
  4942 | D:5      | Noticed Duvessa
  4942 | D:5      | Noticed Dowan
  4952 | Ossuary  | Entered an ossuary
  5408 | Ossuary  | Reached skill level 5 in Fighting
  5422 | Ossuary  | Reached XP level 8. HP: 65/68 MP: 5/7
  5563 | D:5      | Killed Duvessa
  5583 | D:5      | Killed Dowan
  6012 | D:5      | Found a stormy altar of Qazlal.
  6273 | D:5      | Noticed Ijyb
  6286 | D:5      | Killed Ijyb
  6697 | D:5      | Reached skill level 1 in Dodging
  6992 | D:5      | Killed Crazy Yiuf
  7322 | D:6      | Reached XP level 9. HP: 66/75 MP: 6/8
  7510 | D:6      | Found a staircase to the Ecumenical Temple.
  7534 | Temple   | Entered the Ecumenical Temple
  7845 | Temple   | Became a worshipper of Makhleb the Destroyer
  7870 | D:6      | Noticed Pikel
  7884 | D:6      | Killed Pikel
  7885 | D:6      | Reached skill level 1 in Short Blades
  7885 | D:6      | Reached skill level 5 in Shields
  8821 | D:7      | Noticed a troll
  8833 | D:7      | Killed a troll
  8834 | D:7      | Reached skill level 10 in Long Blades
  8834 | D:7      | Reached skill level 10 in Armour
  9787 | D:7      | Found a runed translucent gate.
  9787 | D:7      | Found a runed translucent gate.
  9787 | D:7      | Found a runed translucent gate.
  9790 | D:7      | Noticed hikkokomori's ghost (novice FoFi)
  9940 | D:8      | Reached * piety under Makhleb
 10048 | D:8      | Noticed Erica
 10074 | D:8      | HP: 2/79 [something (4)]
 10077 | D:8      | Slain by Erica

Illustrated notes

Levels and vault maps discovered:
D:1:      saegor_arrival_simple_e, layout_loops_ring,
          ebering_ecumenical_altar_mist, minmay_misc_feat_encased,
          minmay_misc_feat_tower, chequers_serial_rivers_small_b
D:2:      layout_basic, hangedman_abyss_or_decor_lesser_grid
D:3:      layout_loops_corners, mainiacjoe_overflow_boulevard,
          mainiacjoe_overflow_alcove_2, marbit_many_paths, serial_bayou,
          serial_bayou_crossing, serial_bayou_pond_c, serial_bayou_shore_b,
          serial_bayou_pond_d
D:4:      layout_loops_ring
D:5:      layout_basic, mainiacjoe_overflow_paths,
          lightli_ossuary_entry_decrepit_ruins, grunt_ministairs_1,
          uniq_duvessa, uniq_crazy_yiuf_cottage, uniq_ijyb
D:6:      layout_basic, minmay_temple_entry_arrows, st_stairs_3,
          mrwooster_statue_mirror, kennysheep_generic_room_8, uniq_pikel
D:7:      layout_loops_corners, gammafunk_ghost_necromancy
D:8:      layout_loops_ring, serial_shops, nicolae_shop_statue_plus, uniq_erica
Temple:   compressed_dpeg_triangle_lava_temple

Skill      XL: |  1  2  3  4  5  6  7  8  9 |
---------------+----------------------------+-----
Shields        | 4 5 |  5.4
Armour         | 4 5 6 7 8 10 | 10.2
Long Blades    | 3 4 5 7 9 10 | 10.2
Throwing       | 1 2 3 4 |  4.2
Fighting       | 4 5 7 |  7.2
Dodging        | 1 2 |  2.1
Short Blades   | 1 |  1.6
Stealth        | |  0.7

Action                   |  1- 3 |  4- 6 |  7- 9 || total
-------------------------+-------+-------+-------++-------
Melee: Long sword        |    84 |    87 |   433 ||   604
       Headbutt          |    11 |    17 |    71 ||    99
       Short sword       |       |       |    20 ||    20
  Use: Scroll            |       |     3 |    12 ||    15
       Potion            |       |       |     7 ||     7
Armor: Scale mail        |    57 |    33 |    31 ||   121
       Plate armour      |       |       |   244 ||   244
Dodge: Dodged            |    44 |    37 |   161 ||   242
Block: Buckler           |    26 |    25 |   102 ||   153
